 Dungeon Crawl Stone Soup version 0.20-a0-454-g2b43fbb (webtiles) character file.

95 HarleyQuinn the Conjurer (level 4, 0/24 HPs)
             Began as a Deep Elf Conjurer on Jan 8, 2017.
             Slain by a gnoll
             ... wielding a +1 flail of protection
              (6 damage)
             ... on level 2 of the Dungeon.
             The game lasted 00:04:25 (2795 turns).

HarleyQuinn the Conjurer (Deep Elf Conjurer)        Turns: 2795, Time: 00:04:26

Health: 0/24       AC:  2    Str:  5    XL:     4   Next: 39%
Magic:  6/10       EV: 13    Int: 21    God:
Gold:   108        SH:  0    Dex: 15    Spells: 6/9 levels left

rFire  . . .     SeeInvis .     e - +1 hand axe (holy)
rCold  . . .     Gourm    .     a - +0 robe
rNeg   . . .     Faith    .     (no shield)
rPois  .         Spirit   .     (no helmet)
rElec  .         Reflect  .     (no cloak)
rCorr  .         Harm     .     (no gloves)
MR     .....                    (no boots)
Stlth  ++........               (no amulet)
                                (no ring)
                                (no ring)

@: no status effects
A: no striking features
a: no special abilities


You were on level 2 of the Dungeon.
You were not hungry.

You visited 1 branch of the dungeon, and saw 2 of its levels.

You collected 108 gold pieces.

Inventory:

Hand Weapons
 e - a +1 hand axe of holy wrath (weapon)
Armour
 a - a +0 robe (worn)
 o - a +0 cloak
Scrolls
 f - 4 scrolls of identify {unknown}
 g - a scroll of magic mapping {unknown}
 i - a scroll of enchant weapon {unknown}
 j - a scroll of random uselessness {unknown}
 k - a scroll of noise {unknown}
 l - 2 scrolls of teleportation {unknown}
 n - a scroll of remove curse {unknown}
Potions
 d - a potion of mutation {unknown}
 h - 3 potions of lignification {unknown}
Books
 b - a book of Conjurations

   Spells                             Type                      Level
   a - Magic Dart                     Conjuration                  1
   b - Searing Ray                    Conjuration                  2
   c - Dazzling Spray                 Conjuration/Hexes            3
   d - Fulminant Prism                Conjuration/Hexes            4
   e - Iskenderun's Mystic Blast      Conjuration                  4
   f - Iskenderun's Battlesphere      Conjuration/Charms           5
Comestibles
 c - 3 bread rations
 m - 3 chunks of flesh


   Skills:
 - Level 2.4 Dodging
 - Level 2.4 Stealth
 - Level 3.0 Spellcasting
 + Level 6.5 Conjurations


You had 6 spell levels left.
You knew the following spells:

 Your Spells              Type           Power        Failure   Level  Hunger
a - Magic Dart            Conj           ####         1%          1    None
b - Searing Ray           Conj           ####..       1%          2    ##.....


Dungeon Overview and Level Annotations

Branches:
Dungeon (2/15)

Altars:
Gozag

Annotations:
D:2 1 runed door


Message History

You hit the rat.
You kill the rat!
You hit the gnoll but do no damage.
The gnoll hits you with a flail of protection!
Casting: Searing Ray
Confirm with . or Enter, or press ? or * to list all spells.
Aiming: Searing Ray
Press: ? - help, Shift-Dir - straight line, f - gnoll
Aim: a gnoll, wielding a flail of protection The searing ray misses the gnoll. x2
The gnoll shouts!
The gnoll hits you with a flail of protection.
The searing ray hits the gnoll.
The gnoll is heavily wounded.
The gnoll hits you with a flail of protection.
* * * LOW HITPOINT WARNING * * *
The searing ray hits the gnoll.
The gnoll is heavily wounded.
The gnoll hits you with a flail of protection.
You die...

..# #......
########......
.............. ###
########...... #..
.^............
#.#################
#.#................
#.#.###############
# #@#.# #[ #g#.#
g####.###g#.#
g.g......g#.#
####.......#
#########


You could see 3 gnolls.

Vanquished Creatures
  4 gnolls (D:2)
  2 oozes (D:1)
  A dart slug (D:1)
  2 leopard geckos
  A ball python (D:1)
  10 goblins
  4 hobgoblins
  2 kobolds (D:2)
  2 quokkas (D:2)
  7 bats
  3 frilled lizards
  8 rats
46 creatures vanquished.

Notes
Turn   | Place    | Note
-------+----------+-------------------------------------------
     0 | D:1      | HarleyQuinn the Deep Elf Conjurer began the quest for the Orb.
     0 | D:1      | Reached XP level 1. HP: 10/10 MP: 6/6
   406 | D:1      | Reached XP level 2. HP: 15/15 MP: 8/8
   474 | D:1      | Reached skill level 5 in Conjurations
   625 | D:1      | Learned a level 2 spell: Searing Ray
  1448 | D:1      | Reached XP level 3. HP: 13/19 MP: 7/9
  1919 | D:2      | Reached skill level 6 in Conjurations
  1961 | D:2      | Reached XP level 4. HP: 1/24 MP: 3/10
  2300 | D:2      | Found a runed door.
  2730 | D:2      | Found an opulent altar of Gozag.
  2795 | D:2      | Slain by a gnoll

Vault maps used:
D:1:      lightli_arrival_farm
D:2:      minmay_wonky_spiral, nicolae_overflow_hidden_temple, first_bread,
          nrook_uturn, uniq_crazy_yiuf_cottage

Skill      XL: |  1  2  3 |
---------------+----------+-----
Conjurations   | 5 6 |  6.5
Dodging        | |  2.4
Stealth        | |  2.4
Spellcasting   | |  3.0

Action                   |  1- 3 |  4- 6 || total
-------------------------+-------+-------++-------
Melee: Hand axe          |    26 |    41 ||    67
       Unarmed           |     1 |       ||     1
 Cast: Magic Dart        |    14 |     2 ||    16
       Searing Ray       |     7 |     3 ||    10
 Stab: Sleeping          |     2 |     2 ||     4
  Eat: Chunk             |     3 |     3 ||     6
Armor: Robe              |     8 |     3 ||    11
Dodge: Dodged            |    33 |    27 ||    60
